Map: Data-C

Players

RiSkyZ (RiSky)

  • Race: Zerg Zerg
  • Spawn Location: 3:00

Lambo - Winner!

  • Race: Zerg Zerg
  • Spawn Location: 9:00

Event: HomeStory Cup XXII

VOD

Have the link to the VOD?

Description

Time

  • Played on: Dec. 15, 2022, 5:49 a.m.
  • Length: 11:24

All games in this series

Show
View Real Time Build Order
Export as new Build Order

RiSkyZ Zerg 

Build Orders: Hatch First, Roach Hydra 

Get SALT Encoding   

  12  0:00  Drone  
  13  0:12  Overlord  
  13  0:16  Drone  
  14  0:31  Drone x2  
  16  0:48  Hatchery  
  15  0:51  Drone  
  15  0:54  Drone  
  17  0:58  Drone  
  18  1:08  Extractor  
  17  1:13  Spawning Pool  
  17  1:16  Drone  
  17  1:19  Drone  
  18  1:27  Drone  
  19  1:38  Drone  
  20  1:49  Drone  
  21  1:59  Overlord  
  21  2:00  Queen x2, Drone  
  26  2:10  Metabolic Boost, Drone  
  26  2:11  Drone  
  28  2:21  Zergling x2  
  29  2:24  Zergling x2  
  30  2:33  Hatchery  
  30  2:35  Drone  
  30  2:39  Drone  
  31  2:47  Overlord  
  31  2:51  Drone  
  32  2:55  Drone  
  33  3:00  Evolution Chamber  
  33  3:05  Drone x2  
  34  3:07  Drone  
  34  3:12  Drone  
  36  3:14  Zergling x2, Drone  
  36  3:15  Zergling x6  
  41  3:22  Overlord  
  41  3:26  Zerg Ground Armor Level 1  
  41  3:36  Drone x3  
  41  3:39  Roach Warren  
  43  3:42  Drone x3  
  43  3:44  Drone  
  47  3:49  Drone x2  
  47  3:50  Overlord  
  47  3:53  Drone  
  47  3:54  Drone  
  51  3:58  Drone x2  
  51  4:00  Drone, Extractor  
  52  4:05  Drone  
  52  4:08  Overlord  
  53  4:11  Queen, Extractor  
  53  4:13  Drone  
  55  4:21  Zergling x10  
  57  4:25  Zergling x2  
  57  4:26  Zergling x4  
  59  4:32  Zergling x2  
  59  4:33  Zergling x4  
  60  4:45  Roach x3  
  65  4:53  Roach x3  
  65  4:56  Roach  
  65  4:57  Overlord x3  
  73  5:00  Overlord  
  73  5:07  Overlord  
  73  5:10  Drone  
  73  5:11  Lair  
  73  5:13  Overlord  
  74  5:18  Drone  
  74  5:21  Drone  
  75  5:24  Drone x3  
  75  5:25  Zerg Missile Weapons Level 1  
  75  5:26  Drone  
  79  5:29  Drone x2  
  81  5:36  Drone  
  81  5:37  Drone  
  81  5:41  Roach x3  
  88  5:43  Spine Crawler  
  88  5:44  Roach x2  
  88  5:47  Roach  
  88  5:48  Roach  
  95  5:51  Roach  
  95  5:52  Roach  
  95  5:54  Roach  
  103  5:57  Roach  
  103  6:00  Roach  
  103  6:01  Roach  
  107  6:06  Roach  
  107  6:07  Drone x2  
  107  6:08  Drone x2  
  107  6:10  Drone  
  114  6:13  Drone x2  
  114  6:15  Drone x2, Extractor  
  114  6:16  Extractor  
  117  6:20  Drone  
  117  6:21  Drone x2  
  117  6:24  Glial Reconstitution, Extractor  
  119  6:31  Hatchery  
  118  6:33  Drone  
  118  6:34  Drone x3  
  118  6:35  Overlord x2  
  118  6:38  Overlord  
  118  6:39  Pneumatized Carapace  
  122  6:42  Overlord  
  122  6:47  Overlord  
  122  6:53  Overseer  
  122  6:54  Overlord  
  122  6:55  Overlord  
  122  7:02  Roach x7  
  122  7:04  Roach  
  138  7:09  Roach x2  
  138  7:13  Roach x3  
  137  7:16  Roach x2  
  137  7:19  Roach  
  147  7:22  Roach  
  147  7:23  Roach  
  147  7:27  Spore Crawler  
  147  7:29  Hydralisk Den  
  143  7:30  Spore Crawler  
  143  7:31  Roach  
  143  7:32  Roach  
  140  7:44  Queen x3  
  140  7:49  Spore Crawler  
  145  8:01  Spore Crawler x2  
  142  8:09  Muscular Augments  
  142  8:10  Hydralisk x8  
  155  8:14  Drone x3  
  155  8:18  Hydralisk  
  154  8:23  Roach  
  154  8:24  Roach x2  
  156  8:28  Roach x3  
  156  8:31  Roach  
  156  8:33  Roach  
  153  8:41  Roach x2  
  153  8:42  Roach x2  
  155  8:50  Roach x5  
  155  8:54  Roach x2  
  161  9:04  Hydralisk x2  
  165  9:10  Roach x3  
  165  9:13  Roach  
  169  9:21  Grooved Spines  
  169  9:24  Hydralisk x3  
  175  9:31  Overlord  
  175  9:32  Overlord x2  
  163  9:50  Overlord  
  163  9:51  Roach x11  
  175  9:59  Roach x4  
  172  10:16  Roach x8  
  172  10:18  Roach  
  190  10:23  Roach x2  
  190  10:28  Roach  
  156  10:44  Roach x9  
  156  10:48  Roach  
  146  10:52  Roach  
  146  10:53  Roach x2  
  146  10:55  Roach x2  
  140  10:59  Roach x2  
  140  11:00  Ravager  
  140  11:01  Ravager x2  
  140  11:02  Ravager  
  148  11:05  Roach  
  148  11:08  Ravager  
  148  11:16  Ravager  
Show
View Real Time Build Order
Export as new Build Order

Lambo Zerg - Winner!

Build Orders: Hatch First 

Get SALT Encoding   

  12  0:00  Drone  
  13  0:12  Overlord  
  13  0:16  Drone  
  14  0:32  Drone x2  
  16  0:47  Hatchery  
  15  0:51  Drone  
  15  0:55  Drone  
  17  0:58  Drone  
  18  1:10  Extractor  
  17  1:13  Spawning Pool  
  17  1:17  Drone  
  17  1:20  Drone  
  18  1:27  Drone  
  19  1:38  Drone  
  20  1:49  Drone  
  21  1:59  Queen x2  
  21  2:00  Zergling x2, Overlord  
  26  2:10  Metabolic Boost, Drone x2  
  28  2:20  Drone  
  28  2:21  Drone  
  30  2:32  Drone x2  
  32  2:38  Hatchery  
  32  2:42  Drone  
  32  2:48  Baneling Nest  
  32  2:51  Drone  
  32  2:54  Zergling x2  
  32  2:55  Drone  
  34  2:59  Queen  
  34  3:04  Overlord  
  36  3:18  Drone  
  36  3:22  Zergling x2  
  36  3:24  Zergling x2  
  36  3:25  Drone x4  
  42  3:32  Overlord  
  42  3:35  Zergling x2  
  42  3:37  Evolution Chamber  
  42  3:41  Zergling x2, Baneling x2  
  41  3:42  Zergling x2  
  41  3:47  Roach Warren, Overlord  
  43  3:49  Baneling  
  43  3:58  Drone x3  
  43  3:59  Drone x3  
  49  4:03  Zergling x2  
  49  4:06  Drone  
  51  4:10  Zergling x2  
  51  4:11  Drone  
  51  4:13  Extractor  
  51  4:14  Extractor  
  51  4:18  Drone x2  
  51  4:20  Drone x3  
  51  4:21  Drone  
  51  4:22  Overlord  
  56  4:26  Overlord  
  56  4:28  Overlord  
  56  4:32  Lair  
  56  4:33  Drone, Overlord  
  57  4:44  Drone x2  
  57  4:45  Roach x2  
  61  4:50  Roach  
  63  4:53  Roach  
  63  4:54  Roach x2  
  69  5:00  Roach x4  
  69  5:06  Roach x2  
  81  5:08  Overlord  
  81  5:10  Spine Crawler  
  81  5:13  Roach x2  
  83  5:16  Roach  
  83  5:18  Baneling  
  85  5:23  Zergling x8, Roach  
  85  5:25  Baneling  
  85  5:26  Roach  
  93  5:30  Zergling x2, Roach  
  93  5:32  Baneling  
  96  5:38  Drone x3  
  96  5:40  Drone x2  
  102  5:45  Drone x2  
  102  5:47  Drone  
  102  5:48  Extractor  
  104  5:53  Drone x2  
  106  6:00  Spire  
  106  6:02  Drone, Evolution Chamber  
  105  6:06  Drone  
  105  6:08  Overlord  
  105  6:10  Glial Reconstitution  
  106  6:11  Extractor x2  
  106  6:12  Overlord  
  106  6:15  Overlord  
  104  6:19  Overlord  
  104  6:21  Overlord  
  104  6:23  Drone x2  
  105  6:26  Drone x3  
  105  6:27  Drone  
  105  6:28  Drone  
  105  6:31  Zerg Missile Weapons Level 1  
  105  6:32  Hatchery  
  109  6:33  Drone  
  109  6:37  Drone  
  109  6:38  Drone  
  109  6:39  Overlord  
  112  6:41  Drone x2  
  112  6:43  Overlord  
  114  6:50  Drone x2  
  116  6:55  Overlord  
  117  7:11  Hatchery  
  117  7:12  Mutalisk x7  
  117  7:14  Mutalisk  
  130  7:17  Queen  
  130  7:21  Mutalisk  
  134  7:27  Mutalisk  
  136  7:36  Evolution Chamber  
  135  7:37  Roach x6  
  135  7:40  Drone x2  
  147  7:45  Roach x5  
  147  7:46  Roach  
  147  7:47  Overlord  
  147  7:49  Roach x2  
  163  7:58  Roach x3  
  168  8:08  Roach  
  168  8:09  Roach x4  
  177  8:16  Zerg Ground Armor Level 1  
  177  8:18  Overlord x2  
  177  8:28  Queen  
  177  8:36  Roach x3  
  178  8:44  Extractor  
  178  8:47  Roach x10  
  195  8:50  Zerg Missile Weapons Level 2  
  191  8:58  Roach x4  
  199  9:05  Ravager, Overlord  
  200  9:19  Hatchery  
  191  9:47  Spine Crawler  
  184  9:58  Ravager x8  
  200  10:00  Roach x4  
  198  10:17  Roach  
  198  10:18  Roach x2  
  198  10:25  Roach x3  
  200  10:29  Spine Crawler  
  200  10:30  Spine Crawler  
  198  10:42  Roach x13  
  198  10:46  Roach x12  
  198  10:48  Roach  
  198  10:52  Roach x4  
  199  10:57  Roach x5  
  199  11:02  Ravager  
Tags
 
Composition
Roach Hydra
Matchup
ZvZ
Race
Zerg
Replay Pack
hsc22
Spawn Locations
Cross Positions
Add a new tag
Caveats
  • Supply blocks, unpowered buildings, or Contaminate may cause inaccurate times.
  • Supply counts are checked every 10 seconds.